 Dungeon Crawl Stone Soup version 0.29.1-2-gbd0b4ee654 (webtiles) character file.

Game seed: 37796977176886769

4 funnyparkerb the Insei (level 1, -2/13 HPs)
             Began as an Octopode Transmuter on Nov 12, 2022.
             Slain by a kobold
             ... wielding a +0 whip
              (4 damage)
             ... on level 1 of the Dungeon.
             The game lasted 00:00:11 (122 turns).

funnyparkerb the Insei (Octopode Transmuter)         Turns: 122, Time: 00:00:12

Health: -2/13      AC:  1    Str:  9    XL:     1   Next: 70%
Magic:  2/3        EV: 13    Int: 15    God:
Gold:   16         SH:  0    Dex: 12    Spells: 3/4 levels left

rFire   . . .      SeeInvis .     - Unarmed
rCold   . . .      Faith    .   (no shield)
rNeg    . . .      Spirit   .   (helmet currently unavailable)
rPois   .          Reflect  .   (no amulet)
rElec   .          Harm     .   (no ring)
rCorr   .          Rampage  .   (no ring)
Will    .....                   (no ring)
Stlth   ++........              (no ring)
HPRegen 0.04/turn               (no ring)
MPRegen 0.08/turn               (no ring)
                                (no ring)
                                (no ring)

@: appendages (expiring)
A: tentacle spike 3, almost no armour, amphibious, 8 rings, camouflage 1,
gelatinous body 1, (nimble swimmer 1), tentacles
a: End Transformation


You were on level 1 of the Dungeon.
One of your tentacles had grown a beastly spike.
You visited 1 branch of the dungeon, and saw 1 of its levels.

You collected 16 gold pieces.

Inventory:

Scrolls
 b - a scroll of summoning {unknown}
Potions
 a - a potion of lignification
 c - a potion of haste {unknown}


   Skills:
 + Level 1.2 Fighting
 - Level 2.0 Dodging
 - Level 3.0 Unarmed Combat
 + Level 2.1 Spellcasting
 + Level 2.1 Transmutations


You had 3 spell levels left.
You knew the following spells:

 Your Spells              Type           Power      Damage    Failure   Level
a - Beastly Appendage     Tmut           16%        N/A       9%          1

Your spell library contained the following spells:

 Spells                   Type           Power      Damage    Failure   Level
 Wereblood                Tmut           8%         N/A       14%         2
 Spider Form              Tmut/Pois      4%         N/A       38%         3
 Ice Form                 Ice/Tmut       4%         N/A       80%         4


Dungeon Overview and Level Annotations

Branches:
Dungeon (1/15)

Altars:


Innate Abilities, Weirdness & Mutations

One of your tentacles has grown a beastly spike.
You cannot wear most types of armour.
You are amphibious.
You can wear up to eight rings at the same time.
Your skin changes colour to match your surroundings (Stealth+).
Your rubbery body absorbs attacks. (AC +1, EV +1)
((You are camouflaged when in or above water. (Stealth+)))
You have tentacles for arms and can constrict up to eight enemies at once.


Message History

The bat closely misses you. The jackal closely misses you.
You closely miss the jackal. You grab the jackal. You squeeze the jackal.
The jackal is almost dead.
You constrict the jackal.
You kill the jackal!
The bat hits you but does no damage.
You closely miss the bat. You grab the bat.
You pierce the bat.
You kill the bat!
No target in view!
No target in view!
Magic restored.
A hobgoblin comes into view.
The hobgoblin shouts!
A hobgoblin is nearby!
A hobgoblin is nearby!
You extend your transformation's duration.
You closely miss the hobgoblin. You grab the hobgoblin.
You constrict the hobgoblin. The hobgoblin hits you.
You tentacle-slap the hobgoblin.
You pierce the hobgoblin.
You kill the hobgoblin!
Your transformation is almost over.
Your tentacle spike disappears.
A kobold comes into view. It is wielding a +0 whip.
A kobold is nearby!
One of your tentacles grows a vicious spike.
The kobold shouts!
Your transformation is almost over.
The kobold throws a stone.
The stone hits you.
You see here a hobgoblin corpse.
No target in view!
No target in view!
No target in view!
No target in view!
A kobold is nearby!
The kobold throws a stone.
The stone hits you.
Found 3 stones and 16 gold pieces.
The kobold hits you with a +0 whip. The kobold hits you with a +0 whip.
* * * LOW HITPOINT WARNING * * *
Found a potion of lignification.
The kobold hits you with a +0 whip.
You die...

##................#
..>##.............#
## ##.!........#.
##$..†#...##
##....##.#
#..#..#.. !
#.....####..#
##.#..K......
...#.@...(...
#.###......... #.
#......... #
##........
#........ #...$....
......... .........


You could see a kobold.

Vanquished Creatures
  A hobgoblin (D:1)
  2 jackals (D:1)
  A bat (D:1)
4 creatures vanquished.

Notes
Turn   | Place    | Note
-------+----------+-------------------------------------------
     0 | D:1      | funnyparkerb the Octopode Transmuter began the quest for
                  | the Orb.
     0 | D:1      | Reached XP level 1. HP: 13/13 MP: 3/3
   122 | D:1      | Slain by a kobold

Illustrated notes

Levels and vault maps discovered:
D:1:      eino_arrival_cavern_e, layout_rooms, serial_shops, shop_coins,
          basic_ecumenical_altar

Action                   || total
-------------------------++-------
Melee: Unarmed           ||     9
       Constrict         ||     4
       Kick              ||     3
       Tentacles         ||     1
 Cast: Beastly Appendage ||     3
Armor: Skin              ||     1
Dodge: Dodged            ||     6
